 Dungeon Crawl Stone Soup version 0.27.1-33-g824d729ab1 (webtiles) character file.

Game seed: 8320762670498652317

1436 halfoni the Cleaver (level 9, -5/102 HPs)
             Began as a Human Berserker on Dec 27, 2021.
             Was a Priest of Trog.
             Splashed by a jelly's acid (9 damage)
             ... on level 5 of the Dungeon.
             The game lasted 00:10:44 (7442 turns).

halfoni the Cleaver (Human Berserker)               Turns: 7442, Time: 00:10:45

Health: -5/102     AC: -2    Str: 20    XL:     9   Next: 3%
Magic:  9/9        EV:  6    Int:  9    God:    Trog [***...]
Gold:   276        SH:  5    Dex: 12    Spells: 8/8 levels left

rFire    . . .     SeeInvis .   k - +0 war axe
rCold    + . .     Faith    .   (no shield)
rNeg     . . .     Spirit   .   c - +1 plate armour
rPois    .         Reflect  +   (no helmet)
rElec    .         Harm     .   (no cloak)
rCorr    .         Rampage  .   (no gloves)
Will     .....                  (no boots)
Stlth    ..........             n - amulet of reflection
HPRegen  0.27/turn              g - ring of protection from cold
MPRegen  0.11/turn              (no ring)

@: berserking, corroded, very quick
A: no striking features
a: Renounce Religion, Berserk, Trog's Hand


You were on level 5 of the Dungeon.
You worshipped Trog.
Trog was most pleased with you.
You visited 1 branch of the dungeon, and saw 5 of its levels.

You collected 276 gold pieces.

Inventory:

Hand Weapons
 b - a +3 flail of distortion
 k - a +0 war axe (weapon)
Armour
 c - a +1 plate armour (worn)
 r - a +0 scale mail of fire resistance
Jewellery
 g - a ring of protection from cold (left hand)
 n - an amulet of reflection (around neck)
Scrolls
 d - a scroll of magic mapping
 i - a scroll of enchant armour
 l - 3 scrolls of fear {unknown}
 m - a scroll of fog {unknown}
 o - a scroll of identify
Potions
 a - a potion of resistance
 e - 3 potions of heal wounds {unknown}
 f - a potion of cancellation {unknown}
 h - 2 potions of flight {unknown}
 j - 2 potions of might {unknown}
 p - a potion of degeneration {unknown}
 q - a potion of attraction {unknown}


   Skills:
 + Level 5.4 Fighting
 + Level 8.2 Axes
 + Level 5.3 Armour
 + Level 2.3 Dodging
 + Level 1.7 Shields


You had 8 spell levels left.
You didn't know any spells.
Your spell library was empty.

Dungeon Overview and Level Annotations

Branches:
Dungeon (5/15)
 Temple: D:4-7

Altars:
Fedhas
Nemelex Xobeh
Ru
Uskayaw
Wu Jian


Message History

You are too injured to fight recklessly!
You are too injured to fight recklessly!
You are too injured to fight recklessly!
You are too injured to fight recklessly!
You are too injured to fight recklessly!
You are too injured to fight recklessly!
You are too injured to fight recklessly!
A red film seems to cover your vision as you go berserk!
You feel yourself moving faster!
You feel mighty! The jelly hits you.
You are splashed with acid.
* * * LOW HITPOINT WARNING * * *
You feel a strong urge to attack something.
You block the jelly's attack.
You hit the jelly but do no damage.
Your hands burn!
* * * LOW HITPOINT WARNING * * *
The jelly is severely wounded.
You completely miss the jelly.
The jelly is severely wounded.
The jelly barely misses you.
You slash the jelly! The acid corrodes you!
Your hands burn!
* * * LOW HITPOINT WARNING * * *
The jelly is almost dead.
The jelly hits you.
* * * LOW HITPOINT WARNING * * *
You are splashed with acid!
* * * LOW HITPOINT WARNING * * *
Your plate armour prevents you from hitting the jelly.
The jelly is almost dead.
The jelly hits you.
* * * LOW HITPOINT WARNING * * *
The acid corrodes you!
You are splashed with acid.
* * * LOW HITPOINT WARNING * * *
You barely miss the jelly.
The jelly is almost dead.
Your plate armour prevents you from hitting the jelly.
The jelly is almost dead.
The jelly hits you.
* * * LOW HITPOINT WARNING * * *
You are splashed with acid!
You die...

#..# .#..
.......#.......... #..#
..#.. .....#..........
#..#
..##.#####.###..........
...................####'
..............#+####....
..............#.........
##............#........(
..................##....
.#....J@......#...##....
#............#...#.....
..............# ..#.....
.#............# #.....
#............# #.....
..............# #.....
.#........^...# #.....
#............. ###...
######...


You could see a jelly.

Vanquished Creatures
  Sigmund (D:5)
  A water moccasin (D:4)
  2 ogres
  An ice beast (D:3)
  A phantom (D:4)
  A kobold brigand (D:4)
  A jelly (D:5)
  5 killer bees (D:5)
  A howler monkey (D:4)
  A hound (D:4)
  A gnoll shaman (D:5)
  An orc priest (D:5)
  A centaur zombie (D:5)
  An iguana (D:5)
  Terence (D:3)
  6 gnolls
  10 adders
  A shadow imp (D:5)
  An ufetubus (D:5)
  A worm (D:3)
  4 dart slugs
  16 orcs
  10 ball pythons
  4 endoplasms
  5 giant cockroaches
  7 goblins
  9 hobgoblins
  9 kobolds
  3 quokkas
  4 bats
  3 frilled lizards
  8 rats
121 creatures vanquished.

Notes
Turn   | Place    | Note
-------+----------+-------------------------------------------
     0 | D:1      | halfoni the Human Berserker began the quest for the Orb.
     0 | D:1      | Reached XP level 1. HP: 18/18 MP: 1/1
   205 | D:1      | Found a faded altar of an unknown god.
   273 | D:1      | Reached XP level 2. HP: 24/24 MP: 2/2
  1099 | D:2      | Reached XP level 3. HP: 29/29 MP: 3/3
  1187 | D:2      | Found a sparkling altar of Nemelex Xobeh.
  1964 | D:2      | Reached XP level 4. HP: 33/35 MP: 4/4
  2159 | D:2      | Reached ** piety under Trog
  2251 | D:3      | Reached skill level 4 in Axes
  2266 | D:3      | Reached XP level 5. HP: 18/41 MP: 5/5
  2579 | D:3      | Noticed an ice beast
  2591 | D:3      | Killed an ice beast
  2592 | D:3      | Reached XP level 6. HP: 48/48 MP: 6/6
  3097 | D:3      | Reached skill level 5 in Axes
  3302 | D:3      | Noticed Terence
  3313 | D:3      | Killed Terence
  3536 | D:3      | Found a blossoming altar of Fedhas.
  3848 | D:4      | Reached XP level 7. HP: 20/54 MP: 7/7
  3961 | D:4      | Reached skill level 6 in Axes
  4227 | D:4      | Found a sacrificial altar of Ru.
  4474 | D:4      | Noticed a water moccasin
  4489 | D:4      | Killed a water moccasin
  5091 | D:4      | Reached XP level 8. HP: 57/61 MP: 8/8
  5115 | D:4      | Found a hide-covered altar of Uskayaw.
  5923 | D:5      | Entered Level 5 of the Dungeon
  6088 | D:5      | Reached *** piety under Trog
  6242 | D:5      | Reached skill level 7 in Axes
  6645 | D:5      | Reached skill level 5 in Armour
  6657 | D:5      | Reached skill level 1 in Shields
  6660 | D:5      | Reached skill level 5 in Fighting
  6999 | D:5      | Noticed Sigmund
  7009 | D:5      | Killed Sigmund
  7010 | D:5      | Reached skill level 8 in Axes
  7010 | D:5      | Reached XP level 9. HP: 45/68 MP: 9/9
  7351 | D:5      | Found an ornate altar of the Wu Jian Council.
  7440 | D:5      | HP: 4/102 [acid (6)]
  7442 | D:5      | Splashed by a jelly's acid

Illustrated notes

Levels and vault maps discovered:
D:1:      lightli_arrival_isolated_outpost, layout_basic,
          hellmonk_ecumenical_altar_lost_god, item_on_display_a
D:2:      layout_rooms, basic_altar, minmay_mini_jars
D:3:      layout_loops_ring, fedhas_altar_4, uniq_terence
D:4:      layout_basic, nicolae_uskayaw_dance_hall, amcnicky_altar_gilded,
          serial_rivers, chequers_serial_rivers_micro_b,
          chequers_serial_rivers_large_a, chequers_serial_rivers_small_a,
          chequers_serial_rivers_small_b, minivault_1, st_stairs_10
D:5:      layout_gridville, lemuel_round_altar, grunt_ministairs_3, uniq_sigmund

Skill      XL: |  1  2  3  4  5  6  7  8 |
---------------+-------------------------+-----
Axes           | 4 5 6 8 |  8.2
Armour         | 3 4 5 |  5.3
Fighting       | 4 5 |  5.4
Shields        | 1 |  1.7
Dodging        | |  2.3

Action                   |  1- 3 |  4- 6 |  7- 9 || total
-------------------------+-------+-------+-------++-------
Melee: Hand axe          |    97 |    42 |       ||   139
       War axe           |       |   102 |   160 ||   262
Invok: Berserk           |     1 |     8 |     8 ||    17
  Use: Scroll            |       |     4 |       ||     4
 Stab: Sleeping          |     1 |       |       ||     1
Armor: Animal skin       |     1 |       |       ||     1
       Plate armour      |    54 |    95 |   102 ||   251
Dodge: Dodged            |    28 |    47 |    48 ||   123
Block: Other             |       |       |    24 ||    24
